 Dungeon Sprint DCSS version 0.19-a0-1886-gd64a0f0 (webtiles) character file.

0 tyvek the Chopper (level 2, -4/28 HPs)
             Began as a Minotaur Berserker on Oct 15, 2016.
             Was a Follower of Trog.
             Slain by Sigmund
             ... wielding a +0 scythe
              (11 damage)
             ... in the Dungeon (Sprint VI: "Thunderdome").
             The game lasted 00:00:55 (58 turns).

tyvek the Chopper (Minotaur Berserker)                Turns: 58, Time: 00:00:55

Health: -4/28      AC:  2    Str: 21    XL:     2   Next: 79%
Magic:  1/1        EV: 13    Int:  4    God:    Trog [*.....]
Gold:   200        SH:  0    Dex:  9    Spells: 0 memorised, 1 level left

rFire  . . .     SeeInvis .     a - +0 hand axe
rCold  . . .     Gourm    .     b - +0 animal skin
rNeg   . . .     Faith    .     (no shield)
rPois  .         Spirit   .     (helmet restricted)
rElec  .         Dismiss  .     (no cloak)
rCorr  .         Reflect  .     (no gloves)
MR     .....     Harm     .     (no boots)
Stlth  +......... NoTele   +    (no amulet)
                                (no ring)
                                (no ring)

@: exhausted
A: retaliatory headbutt, horns 2
a: Berserk, Burn Spellbooks, Renounce Religion


You were in the Dungeon.
You worshipped Trog.
Trog was aware of your devotion.
You were not hungry.

You visited 1 branch You collected 200 gold pieces.


Innate Abilities, Weirdness & Mutations

You reflexively headbutt those who attack you in melee.
You have a pair of horns on your head.


   Skills:
 + Level 4.6 Fighting
 * Level 5.6 Axes
 + Level 3.9 Armour
 + Level 3.4 Dodging


You had one spell level left.
You didn't know any spells.

Inventory:

Hand Weapons
 a - a +0 hand axe (weapon)
Armour
 b - a +0 animal skin (worn)
Wands
 k - a wand of acid (5/15)
 l - a wand of iceblast (5/15)
Scrolls
 i - 4 scrolls of blinking
 m - 3 scrolls of fog
Potions
 d - a potion of curing {@q1}
 e - 4 potions of heal wounds {@q2}
 f - 4 potions of haste {@q3}
 g - 2 potions of magic
 h - a potion of berserk rage {!q}
 j - a potion of resistance
Comestibles
 c - a bread ration {@e1}

Dungeon Overview and Level Annotations

Branches:
Dungeon (1/1)

Altars:
Cheibriados
Dithmenos
Fedhas
Gozag
Kikubaaqudgha
Makhleb
Okawaru
Qazlal
Ru
Sif Muna
Uskayaw
Xom
Yredelemnul
Zin
The Shining One
Beogh
Jiyva
Lugonu

Shops:
D *[%??*?:((

Annotations:
D Sigmund

##∩___......###......___
###∩........8.# #.8........
#.............###..........
#⌠..........###...###.......
#⌠..........# #.<.# .......
#⌠..........###...# .......
##..........O.@###.. ......
###∩........8.# .8.. ...
##∩._.....@.# ......
######.8.........8.#
#⌠...........⌠#
###.........### #_......._
#........_ #_......._
#∩.......∩


You could see Sigmund and an ogre.


Message History

You are too injured to fight recklessly!
Unknown command.
Use which ability? (? or * to list)
You can't do that.
The ogre barely misses you.
You see here a worker ant corpse.
The giant cockroach barely misses you. The giant cockroach barely misses you.
The ogre barely misses you. The giant cockroach barely misses you.
You furiously retaliate!
You headbutt the giant cockroach!
You kill the giant cockroach!
Trog accepts your kill.
Found Luejarer's Bee Food and Atiyfocy's Jewellery.
Found an opulent altar of Gozag and a stormy altar of Qazlal.
Found Huttop's Advanced Armour.
The ogre completely misses you.
Found Qougum's Identification Station.
Found a burning altar of Makhleb.
You slash the ogre!
The ogre is moderately wounded.
The ogre barely misses you.
The ogre hits you with a giant spiked club!
* * * LOW HITPOINT WARNING * * *
You feel yourself speed up.
Found a hide-covered altar of Uskayaw.
Sigmund the Dreaded comes into view.
He is wielding a scythe.
Sigmund misses you.
Found a sacrificial altar of Ru.
Sigmund hits you from afar with a scythe!
You die...

Skill      XL: |  1 |
---------------+----+-----
Fighting       | 4 |  4.6
Axes           | 5 |  5.6
Armour         | 3 |  3.9
Dodging        | 3 |  3.4

Action                   || total
-------------------------++-------
Melee: Hand axe          ||     4
       Headbutt          ||     1
Invok: Berserk           ||     1
Dodge: Dodged            ||     9

Vault maps used:
D:        arena_sprint

Notes
Turn   | Place    | Note
-------+----------+-------------------------------------------
     0 | D        | tyvek the Minotaur Berserker began the quest for the Orb.
     0 | D        | Reached XP level 1. HP: 19/19 MP: 0/0
     1 | D        | Found a blossoming altar of Fedhas.
     1 | D        | Found a glowing silver altar of Zin.
     2 | D        | Found an ancient bone altar of Kikubaaqudgha.
     2 | D        | Found a glowing golden altar of the Shining One.
     3 | D        | Found a snail-covered altar of Cheibriados.
     3 | D        | Found a shadowy altar of Dithmenos.
     4 | D        | Found a deep blue altar of Sif Muna.
     4 | D        | Found an iron altar of Okawaru.
     4 | D        | Found Etuibee's Staff Store.
     4 | D        | Found Jennil's Magic Scroll Shop.
     5 | D        | Found a viscous altar of Jiyva.
     5 | D        | Found Qaijeiwk's Must-Have Magic.
     5 | D        | Found Caokhle's Magic Scroll Shop.
     5 | D        | Round 1.
    21 | D        | Noticed a worker ant
    29 | D        | Killed a worker ant
    29 | D        | Reached skill level 4 in Fighting
    29 | D        | Reached skill level 5 in Axes
    29 | D        | Reached skill level 3 in Armour
    29 | D        | Reached skill level 3 in Dodging
    29 | D        | Reached XP level 2. HP: 28/28 MP: 1/1
    40 | D        | Noticed an ogre
    43 | D        | Found a roughly hewn altar of Beogh.
    48 | D        | Found an opulent altar of Gozag.
    48 | D        | Found a stormy altar of Qazlal.
    48 | D        | Found Luejarer's Bee Food.
    48 | D        | Found Atiyfocy's Jewellery.
    49 | D        | Found Huttop's Advanced Armour.
    50 | D        | Found a burning altar of Makhleb.
    50 | D        | Found Qougum's Identification Station.
    55 | D        | Found a hide-covered altar of Uskayaw.
    56 | D        | Noticed Sigmund
    57 | D        | Found a sacrificial altar of Ru.
    58 | D        | Found a basalt altar of Yredelemnul.
    58 | D        | Found a corrupted altar of Lugonu.
    58 | D        | Found a shimmering altar of Xom.
    58 | D        | Found Zuadas's Premium Goods.
    58 | D        | Found Peugroni's Weapon Rack.
    58 | D        | Slain by Sigmund

Vanquished Creatures
  A worker ant (D)
  A giant cockroach (D)
2 creatures vanquished.
